[Event "*** MasterClass Titled Tuesday Blitz"]
[Site "Chess.com"]
[Date "2017.11.07"]
[Round "2"]
[White "saikrishnaReturns"]
[Black "AllStarShark"]
[Result "1-0"]
[WhiteElo "2495"]
[BlackElo "2296"]
[TimeControl "180+2"]
[EndTime "14:26:32 PST"]
[Termination "saikrishnaReturns won by resignation"]

1. Nc3 c5 2. e4 g6 3. Nge2 Bg7 4. d4 cxd4 5. Nxd4 Nc6 6. Be3 Nf6 7. Bc4 Qa5 8. Bb3 Nxe4 9. O-O Nxc3 10. bxc3 Qxc3 11. Nb5 Qxa1 12. Qd5 Qf6 13. Nc7+ Kd8 14. Nxa8 b6 15. Rd1 Rf8 16. Bg5 Qe5 17. Qxc6 Qe1+ 18. Rxe1 dxc6 19. Bxe7+ Kd7 20. Bxf8 Bxf8 21. Bxf7 Bb7 22.
Bg8 h6 23. Bf7 Bxa8 24. Re8 1-0

[Event "*** MasterClass Titled Tuesday Blitz"]
[Site "Chess.com"]
[Date "2017.11.07"]
[Round "2"]
[White "Squirlolz"]
[Black "ValeriyGrinev"]
[Result "1-0"]
[WhiteElo "2379"]
[BlackElo "2433"]
[TimeControl "180+2"]
[EndTime "14:26:34 PST"]
[Termination "Squirlolz won by resignation"]

1. e4 c5 2. c3 Nf6 3. e5 Nd5 4. Nf3 d6 5. d4 cxd4 6. cxd4 e6 7. Bc4 Nc6 8. O-O Be7 9. Re1 O-O 10. a3 Bd7 11. Bd2 Qb6 12. Nc3 Nxc3 13. Bxc3 Rfd8 14.
exd6 Bxd6 15. d5 Na5 16. Ba2 Bb5 17. dxe6 Bxh2+ 18. Nxh2 Rxd1 19. exf7+ Kf8 20. Raxd1 Bc4 21. Bxa5 Qb5 22. Bxc4 Qxc4 23. Rd7 1-0

[Event "*** MasterClass Titled Tuesday Blitz"]
[Site "Chess.com"]
[Date "2017.11.07"]
[Round "2"]
[White "Sam_ChessMood"]
[Black "pastouche06"]
[Result "1-0"]
[WhiteElo "2627"]
[BlackElo "2332"]
[TimeControl "180+2"]
[EndTime "14:26:37 PST"]
[Termination "Sam_ChessMood won by resignation"]

1. e4 c5 2. Nf3 Nc6 3. Bb5 g6 4. O-O Bg7 5. Re1 Nf6 6. e5 Nd5 7. Nc3 Nc7 8. Bxc6 dxc6 9. Ne4 Ne6 10. d3 O-O 11. Be3 b6 12. Qd2 Nd4 13. Nxd4 cxd4 14.
Bh6 c5 15. Ng3 Qd5 16. Re4 Re8 17. Bxg7 Kxg7 18. Rh4 Qxe5 19. Qh6+ Kg8 20. Qxh7+ Kf8 21. Qh8+ 1-0

[Event "*** MasterClass Titled Tuesday Blitz"]
[Site "Chess.com"]
[Date "2017.11.07"]
[Round "2"]
[White "TheMagician"]
[Black "chess2matters"]
[Result "1-0"]
[WhiteElo "2279"]
[BlackElo "2385"]
[TimeControl "180+2"]
[EndTime "14:27:05 PST"]
[Termination "TheMagician won by resignation"]

1. e4 e5 2. Nf3 Nc6 3. Bb5 a6 4. Bxc6 dxc6 5. O-O f6 6. d4 exd4 7. Nxd4 c5 8. Nb3 Qxd1 9. Rxd1 Bd7 10. Be3 b6 11. Nc3 O-O-O 12. a4 a5 13. Nb5 Bxb5 14.
axb5 Bd6 15. Nd2 Ne7 16. Nc4 Rd7 17. f4 Ng6 18. g3 Re8 19. Nd2 Bf8 20. Kf2 h5 21. Kf3 Red8 22. Ke2 h4 23. Nc4 hxg3 24. hxg3 Rxd1 25. Rxd1 Rxd1 26. Kxd1 Kd7 27. Ke2 Ne7 28. Nd2 Ke6 29. f5+ Kd7 30. Kd3 Nc8 31. Bf4 Bd6 32. Nc4 Bxf4 33. gxf4 Nd6 34. Nxd6 Kxd6 35. Kc4 c6 36. b3 Kd7 37. e5 Kc7 38. e6 Kd6 39. c3 Kc7 40. e7 Kd7 41. bxc6+ Kxe7 42. Kb5 Kd8 43. Kxb6 c4 44. Kb7 cxb3 45. c7+ Ke7 46. c8=Q b2 47. Qc7+ 1-0

[Event "*** MasterClass Titled Tuesday Blitz"]
[Site "Chess.com"]
[Date "2017.11.07"]
[Round "2"]
[White "BilodeauA"]
[Black "VitaliyBernadskiy"]
[Result "1-0"]
[WhiteElo "2810"]
[BlackElo "2548"]
[TimeControl "180+2"]
[EndTime "14:27:07 PST"]
[Termination "BilodeauA won by resignation"]

1. e4 e6 2. d4 d5 3. Nd2 Nc6 4. Ngf3 Nf6 5. e5 Nd7 6. c3 f6 7. Bb5 fxe5 8. dxe5 Be7 9. O-O O-O 10. Re1 Nc5 11. Nf1 Ne4 12. Ng3 Nxg3 13. hxg3 Bd7 14. Bd3 Qe8 15. g4 Qf7 16. Qc2 g6 17. Bh6 Rfe8 18. Ng5 Bxg5 19. Bxg5 Nb8 20. Re3 Bc6 21. Rf3 Qd7 22. Rf6 d4 23. c4 Na6 24.
Bxg6 Nb4 25. Qd2 hxg6 26. Rxg6+ Kh7 27. Rh6+ Kg8 28. Bf6 1-0

[Event "*** MasterClass Titled Tuesday Blitz"]
[Site "Chess.com"]
[Date "2017.11.07"]
[Round "2"]
[White "Annawel"]
[Black "dretch"]
[Result "1-0"]
[WhiteElo "2788"]
[BlackElo "2554"]
[TimeControl "180+2"]
[EndTime "14:27:15 PST"]
[Termination "Annawel won by resignation"]

1. Nf3 d5 2. g3 Bg4 3. Bg2 Nd7 4. O-O e6 5. h3 Bh5 6. d3 Bd6 7. e4 Ne7 8. Qe1 O-O 9. Nbd2 f6 10. Nd4 Nc5 11.
b4 Be5 12. Bb2 dxe4 13. bxc5 Bxd4 14. Bxd4 Qxd4 15. Qxe4 Qxc5 16. Nb3 Qd6 17. Qxb7 a5 18. a4 Rab8 19. Qa7 Nc6 20. Qc5 Nb4 21. Qxh5 Nxc2 22. Rac1 Rxb3 23. Rxc2 f5 24. Rfc1 f4 25. Be4 g6 26. Bxg6 hxg6 27. Qxg6+ Kh8 28. Rxc7 Qxc7 29. Rxc7 Rb1+ 30. Kg2 1-0

[Event "*** MasterClass Titled Tuesday Blitz"]
[Site "Chess.com"]
[Date "2017.11.07"]
[Round "2"]
[White "TijanaBlagojevic"]
[Black "aa175"]
[Result "1-0"]
[WhiteElo "1932"]
[BlackElo "1847"]
[TimeControl "180+2"]
[EndTime "14:27:16 PST"]
[Termination "TijanaBlagojevic won by checkmate"]

1. e4 c5 2. Nf3 d6 3. Bb5+ Nc6 4. Bxc6+ bxc6 5. O-O e5 6. Re1 Bg4 7. c3 Nf6 8. d4 Bxf3 9. Qxf3 cxd4 10. cxd4 Be7 11. dxe5 dxe5 12. Bg5 O-O 13. Nc3 Qb6 14.
Qe2 Rab8 15. b3 Nxe4 16. Nxe4 Bxg5 17. Nxg5 h6 18. Ne4 Rbd8 19. Rad1 Rd4 20. Ng3 Rfd8 21.
h3 Kh8 22. Nf5 Rf4 23. Rxd8+ Qxd8 24. Qxe5 Qg5 25. Ng3 Qh4 26. Re4 Rxe4 27. Qxe4 Qd8 28. Qxc6 Qd1+ 29. Kh2 Qd4 30. Qe8+ Kh7 31. Qxf7 Qb2 32.
Nf5 Qe5+ 33. g3 a5 34. Qxg7+ Qxg7 35. Nxg7 Kxg7 36. f4 Kf6 37. Kg2 Kf5 38. Kf3 h5 39. g4+ hxg4+ 40. hxg4+ Kf6 41. Ke4 Ke6 42. f5+ Kf6 43.
Kf4 Kf7 44. Ke5 Ke7 45. f6+ Ke8 46. Ke6 Kf8 47. f7 Kg7 48. Ke7 Kg6 49. f8=Q a4 50. Qf5+ Kg7 51. Qf6+ Kh7 52. Qf7+ Kh6 53. Qf4+ Kg6 54.
Ke6 a3 55. g5 Kh5 56. g6 Kxg6 57. Qg4+ Kh6 58. Kf6 Kh7 59. Qg7# 1-0

[Event "*** MasterClass Titled Tuesday Blitz"]
[Site "Chess.com"]
[Date "2017.11.07"]
[Round "2"]
[White "JaimeSantosLatasa"]
[Black "Salem-AR"]
[Result "0-1"]
[WhiteElo "2557"]
[BlackElo "2796"]
[TimeControl "180+2"]
[EndTime "14:27:37 PST"]
[Termination "Salem-AR won by resignation"]

1. d4 Nf6 2. c4 g6 3. Nc3 d5 4.
Nf3 Bg7 5. h4 c6 6. cxd5 cxd5 7.
Bf4 Nc6 8. e3 Bg4 9. Be2 O-O 10.
Ne5 Bxe2 11. Qxe2 Nd7 12. Nxd7 Qxd7 13. h5 e5 14. dxe5 d4 15. Rd1 Rad8 16. hxg6 hxg6 17.
Bg5 Rde8 18. exd4 Nxd4 19. Qd3 Rxe5+ 20. Be3 Rd8 21. Kf1 Qg4 22. Qc4 Ree8 23. f3 Nf5 24.
Qxg4 Nxe3+ 25. Kf2 Nxg4+ 26. fxg4 Bd4+ 27. Kf3 Kg7 28. Rhe1 Rxe1 29. Rxe1 Bxc3 30. bxc3 Rc8 31. Re3 Kf6 32. Ke2 Rc4 33. Rf3+ Ke6 34. g5 Rg4 35. Re3+ Kd6 36. Rg3 Rxg3 0-1

[Event "*** MasterClass Titled Tuesday Blitz"]
[Site "Chess.com"]
[Date "2017.11.07"]
[Round "2"]
[White "calemcc"]
[Black "MateusViageiro"]
[Result "1-0"]
[WhiteElo "2243"]
[BlackElo "2257"]
[TimeControl "180+2"]
[EndTime "14:27:45 PST"]
[Termination "calemcc won by resignation"]

1. d4 Nf6 2. c4 e6 3. Nf3 b6 4. g3 Bb7 5. Bg2 Bb4+ 6. Bd2 Be7 7.
O-O Ne4 8. Ne5 O-O 9. Qc2 f5 10. Nc3 d5 11. cxd5 exd5 12. Rac1 c6 13. Bf4 Bf6 14.
f3 Nd6 15. e4 dxe4 16. fxe4 fxe4 17. Nxe4 Nxe4 18. Qxe4 Bxe5 19. Bxe5 Na6 20. Qg4 Qe7 21. Bxc6 Rxf1+ 22. Kxf1 Bxc6 23. Rxc6 Rf8+ 24. Kg1 Qf7 25. Qe6 Nb4 26. Qxf7+ Rxf7 27. Rc8+ Rf8 28. Rxf8+ Kxf8 29. Bd6+ Kf7 30. Bxb4 Ke6 31. Kf2 Kd5 32. Ke3 Kc4 33. Bd6 b5 34. Ke4 a5 35. Bf8 g6 36. d5 a4 37. d6 b4 38. d7 b3 39. axb3+ Kxb3 40. d8=Q Kxb2 41. Qb6+ 1-0

[Event "*** MasterClass Titled Tuesday Blitz"]
[Site "Chess.com"]
[Date "2017.11.07"]
[Round "2"]
[White "Summer-Paradise"]
[Black "Tarlev_Konstantin"]
[Result "0-1"]
[WhiteElo "2480"]
[BlackElo "2629"]
[TimeControl "180+2"]
[EndTime "14:27:48 PST"]
[Termination "Tarlev_Konstantin won by resignation"]

1. d4 Nf6 2. c4 e6 3. Nf3 b6 4. g3 Bb7 5. Bg2 Be7 6. O-O O-O 7.
Nc3 Ne4 8. Qc2 Nxc3 9. Qxc3 Be4 10. b3 c6 11. Bb2 d5 12. Rfe1 Nd7 13. Rad1 Rc8 14.
Ne5 Bxg2 15. Kxg2 Nxe5 16. dxe5 Qc7 17. e4 dxc4 18. Qxc4 Rfd8 19. f4 b5 20. Qc3 Bf8 21.
f5 c5 22. Bc1 Qc6 23. Qf3 c4 24. bxc4 Qxc4 25. Bg5 Rxd1 26. Rxd1 Qxa2+ 27. Kh3 Rc2 28. Bh4 Rxh2+ 29. Kg4 exf5+ 30. exf5 Qa4+ 31. Kg5 Be7+ 32. f6 h6+ 33. Kh5 Rxh4+ 0-1

[Event "*** MasterClass Titled Tuesday Blitz"]
[Site "Chess.com"]
[Date "2017.11.07"]
[Round "2"]
[White "EndgameGrinder"]
[Black "VladimirBelous"]
[Result "0-1"]
[WhiteElo "2502"]
[BlackElo "2681"]
[TimeControl "180+2"]
[EndTime "14:27:54 PST"]
[Termination "VladimirBelous won by resignation"]

1. e4 c5 2. Nf3 Nc6 3. d4 cxd4 4. Nxd4 e5 5. Nb5 d6 6. N1c3 Be7 7. Nd5 Kf8 8. Be3 Be6 9. a4 Rc8 10. Be2 a6 11.
Nbc3 Nf6 12. Nxf6 Bxf6 13. O-O h6 14. Nd5 Bg5 15. Bb6 Qd7 16. g3 Kg8 17. h4 Bd8 18. Be3 Ne7 19. c4 Nxd5 20. cxd5 Bh3 21. Re1 Ba5 22. Bd2 Bxd2 23. Qxd2 g6 24. a5 Kg7 25. Rec1 f5 26. exf5 Qxf5 27. Qb4 Rhf8 28. f3 Qd7 29.
Kh2 h5 30. Qd2 Bf5 31. Rc3 Rxc3 32. Qxc3 Rc8 33. Qe3 Qc7 34. Rd1 Qc5 35. Qb3 Qf2+ 36. Kh1 Qxe2 37. Qxb7+ Kh6 0-1

[Event "*** MasterClass Titled Tuesday Blitz"]
[Site "Chess.com"]
[Date "2017.11.07"]
[Round "2"]
[White "ArnaudovP"]
[Black "GameOverBro"]
[Result "0-1"]
[WhiteElo "2482"]
[BlackElo "2315"]
[TimeControl "180+2"]
[EndTime "14:28:09 PST"]
[Termination "GameOverBro won by resignation"]

1. d4 d6 2. Nf3 Nf6 3. c4 Nbd7 4. Nc3 e5 5. Bg5 Be7 6. Qc2 O-O 7.
O-O-O exd4 8. Nxd4 Nc5 9. e3 h6 10. Bh4 a5 11. h3 Re8 12. g4 Nh7 13. Bg3 c6 14. Nb3 Nxb3+ 15. axb3 Be6 16. Bd3 Nf6 17.
f3 d5 18. h4 a4 19. bxa4 dxc4 20. Bh7+ Nxh7 21. Rxd8 Rexd8 22. g5 Rd3 23. Bf4 b5 24. gxh6 b4 25. Ne4 b3 26. Qg2 g6 27. h5 Rxa4 28. Kb1 Bf5 29. hxg6 fxg6 30. Rc1 Rd8 31. Qe2 Rda8 32.
Qxc4+ Rxc4 33. Rxc4 Nf6 34. Kc1 Nxe4 35. fxe4 Bd7 36.
Rc3 Ra1+ 37. Kd2 Bb4 38. Be5 Bg4 39. Kd3 Bxc3 40. Kxc3 Be6 41. Bf4 Rc1+ 42. Kb4 Rc2 43. Be5 c5+ 44. Ka3 Kh7 45. Bg7 g5 46. Bf8 g4 47.
Bd6 Kxh6 48. Bf4+ 0-1

[Event "*** MasterClass Titled Tuesday Blitz"]
[Site "Chess.com"]
[Date "2017.11.07"]
[Round "2"]
[White "gmcorrales"]
[Black "pedromartinez91"]
[Result "1-0"]
[WhiteElo "2679"]
[BlackElo "2327"]
[TimeControl "180+2"]
[EndTime "14:28:12 PST"]
[Termination "gmcorrales won on time"]

1. d4 d5 2. Nf3 Nf6 3. c4 e6 4. Nc3 Be7 5. Bg5 O-O 6. cxd5 exd5 7. e3 c6 8. Bd3 Nbd7 9. O-O Re8 10. Rb1 Ne4 11.
Bxe4 Bxg5 12. Bd3 Be7 13. b4 a6 14. a4 Bd6 15. b5 axb5 16. axb5 Ra3 17. Rb3 Qa5 18. Rxa3 Qxa3 19. Qc2 Nf6 20. Nb1 Qa8 21. bxc6 bxc6 22. Rc1 Bd7 23. Nbd2 g6 24. h3 Qa3 25. Nb3 Rb8 26. Nc5 Rb2 27. Qc3 Bxc5 28. Qxc5 Qxd3 29. Qe7 Rb1 30. Ne5 Rxc1+ 31. Kh2 Rh1+ 32. Kxh1 Qf1+ 33.
Kh2 1-0

[Event "*** MasterClass Titled Tuesday Blitz"]
[Site "Chess.com"]
[Date "2017.11.07"]
[Round "2"]
[White "Ilja_Semjonovs"]
[Black "Zufi1811"]
[Result "1-0"]
[WhiteElo "2363"]
[BlackElo "2428"]
[TimeControl "180+2"]
[EndTime "14:28:15 PST"]
[Termination "Ilja_Semjonovs won by resignation"]

1. e4 c5 2. Nf3 d6 3. Bb5+ Nd7 4. d4 cxd4 5. Qxd4 a6 6. Bxd7+ Bxd7 7. c4 e5 8. Qd3 h6 9. Nc3 Nf6 10. O-O Be7 11.
Rd1 O-O 12. b3 Bc6 13. a4 Qc7 14. Ba3 Rad8 15. Nd5 Nxd5 16. cxd5 Bd7 17. Nxe5 Bf6 18. Rac1 Qb8 19. Nxd7 Rxd7 20. g3 Re8 21. Rc4 g6 22.
Rdc1 Kg7 23. a5 h5 24. h4 Qd8 25. Bb4 Rde7 26. Kg2 Qd7 27. Bc3 Be5 28. Bxe5+ Rxe5 29. Rc7 Qd8 30. Rxb7 Rxe4 31. Rcc7 R8e7 32. Qc3+ f6 33. Rc8 1-0

[Event "*** MasterClass Titled Tuesday Blitz"]
[Site "Chess.com"]
[Date "2017.11.07"]
[Round "2"]
[White "AbdAlAgathos"]
[Black "wanyaland"]
[Result "0-1"]
[WhiteElo "2227"]
[BlackElo "2247"]
[TimeControl "180+2"]
[EndTime "14:28:16 PST"]
[Termination "wanyaland won by resignation"]

1. e4 c5 2. Nf3 d6 3. c3 Nf6 4. Be2 e6 5. O-O Be7 6. d4 cxd4 7. cxd4 Nxe4 8. d5 Nf6 9. dxe6 fxe6 10. Nc3 O-O 11. Re1 Nc6 12. Bg5 h6 13. Bh4 d5 14.
Bd3 Bd7 15. Rc1 Rc8 16. Bb1 Bd6 17. a3 Bb8 18. Qd3 a6 19. Bg3 Bxg3 20. hxg3 Re8 21. Rcd1 Re7 22. Nh4 Be8 23. Ng6 Bxg6 24. Qxg6 Qe8 25.
Qd3 Rd8 26. Ba2 Kh8 27. Qd2 Qh5 28. Qf4 Ng4 29. Kf1 Rf7 30. f3 Rxf4 0-1

[Event "*** MasterClass Titled Tuesday Blitz"]
[Site "Chess.com"]
[Date "2017.11.07"]
[Round "2"]
[White "northridgehawk"]
[Black "Po6Don"]
[Result "1-0"]
[WhiteElo "1957"]
[BlackElo "1986"]
[TimeControl "180+2"]
[EndTime "14:28:16 PST"]
[Termination "northridgehawk won on time"]

1. e4 e5 2. Bc4 Nf6 3. Nc3 Nc6 4. d3 Bc5 5. f4 d6 6. Nf3 a6 7. a4 Bg4 8. f5 Nd4 9. Bg5 c6 10. h3 Bxf3 11. gxf3 h6 12. Bh4 d5 13. Ba2 Be7 14.
Bg3 Bd6 15. Rg1 Nh5 16. Bf2 Bb4 17. Rg4 Qa5 18. Kf1 Bxc3 19. bxc3 Qxc3 20. exd5 O-O-O 21. dxc6 Qxc6 22. Bxf7 Nf4 23. Rb1 1-0

[Event "*** MasterClass Titled Tuesday Blitz"]
[Site "Chess.com"]
[Date "2017.11.07"]
[Round "2"]
[White "wonderfultime"]
[Black "ChristopherYoo"]
[Result "1-0"]
[WhiteElo "2759"]
[BlackElo "2264"]
[TimeControl "180+2"]
[EndTime "14:28:21 PST"]
[Termination "wonderfultime won by resignation"]

1. d4 Nf6 2. Bf4 g6 3. e3 Bg7 4.
Nf3 O-O 5. h3 d5 6. Nbd2 c5 7. c3 Qb6 8. Qb3 Nbd7 9. Be2 c4 10.
Qa3 Re8 11. b3 cxb3 12. axb3 e6 13. O-O Bf8 14. Qa4 a6 15. c4 Qb4 16. c5 Qxa4 17.
Rxa4 Nb8 18. b4 b5 19. cxb6 Nbd7 20. Bc7 Bb7 21. Rfa1 Bc6 22. Rxa6 Bxb4 23. Nb3 Ne4 24. Ra7 Nc3 25. Bd3 Na4 26. Ne5 Nxe5 27. dxe5 Rxa7 28.
bxa7 Ra8 29. Bb8 Nb2 30. Be2 Ba4 31. Nd4 Bc5 32. Ra2 Bxa7 33. Bxa7 Rxa7 34. Rxb2 Rc7 35. f4 Kg7 36. Kf2 Bd7 37. h4 h5 38. Rb6 Bc8 39. Rc6 Rxc6 40. Nxc6 Bd7 41. Nd4 Kf8 42. Ke1 Ke7 43.
Kd2 Bc8 44. Kc3 Bb7 45. Kb4 1-0

[Event "*** MasterClass Titled Tuesday Blitz"]
[Site "Chess.com"]
[Date "2017.11.07"]
[Round "2"]
[White "krzyzan94"]
[Black "Lunaticx"]
[Result "1-0"]
[WhiteElo "2578"]
[BlackElo "2682"]
[TimeControl "180+2"]
[EndTime "14:28:34 PST"]
[Termination "krzyzan94 won by resignation"]

1. e4 c6 2. d4 d5 3. Nc3 dxe4 4.
Nxe4 Bf5 5. Ng3 Bg6 6. h4 h6 7. N1e2 Nf6 8. Nf4 Bh7 9. Bc4 e6 10. c3 Bd6 11. Nfh5 Bxg3 12. Nxg3 Nbd7 13. Qf3 O-O 14.
O-O Nb6 15. Bb3 a5 16. a4 Nbd5 17. Re1 Qb6 18. Bc4 Rad8 19. b3 Rfe8 20. Ba3 Qc7 21. Re5 Rb8 22. Nh5 Nxh5 23. Qxh5 Nxc3 24. Rae1 b5 25. axb5 cxb5 26. Rc5 Qd7 27. Bf1 Nd5 28. Qg4 Red8 29. Bc1 Nf6 30. Qg3 Ne4 31. Rxe4 Bxe4 32. Bxh6 f6 33. Rc7 Qxc7 34. Qxc7 gxh6 35. Qe7 Re8 36.
Qxf6 Rb7 37. f3 Bd5 38. Qg6+ Kf8 39. Qxh6+ Rg7 40. Bxb5 Rb8 41. Qf4+ 1-0

[Event "*** MasterClass Titled Tuesday Blitz"]
[Site "Chess.com"]
[Date "2017.11.07"]
[Round "2"]
[White "Buffy7"]
[Black "Krasimir_Rusev"]
[Result "1-0"]
[WhiteElo "2487"]
[BlackElo "2580"]
[TimeControl "180+2"]
[EndTime "14:28:36 PST"]
[Termination "Buffy7 won by resignation"]

1. d4 d5 2. c4 dxc4 3. Nf3 a6 4. a4 Nc6 5. e3 Bg4 6. Bxc4 e6 7. h3 Bh5 8. a5 Nf6 9. Nbd2 Bb4 10. Qb3 Bxf3 11. gxf3 Rb8 12. Rg1 O-O 13. f4 Qe7 14. Qc2 Nxa5 15.
Bd3 c5 16. dxc5 Rbc8 17. Ke2 Rxc5 18. Qa4 Rd8 19. Qxb4 Rxd3 20. Rxa5 Rdd5 21. Rxc5 Rxc5 22. b3 Nd5 23. Qd4 e5 24. fxe5 Nc3+ 25. Kf3 Rc8 26. Bb2 Nb5 27. Qg4 1-0

[Event "*** MasterClass Titled Tuesday Blitz"]
[Site "Chess.com"]
[Date "2017.11.07"]
[Round "2"]
[White "filali-oujda"]
[Black "Bryakin_Mikhail"]
[Result "0-1"]
[WhiteElo "2333"]
[BlackElo "2499"]
[TimeControl "180+2"]
[EndTime "14:28:38 PST"]
[Termination "Bryakin_Mikhail won on time"]

1. e4 c6 2. d3 d5 3. exd5 cxd5 4. Nf3 Nf6 5. Be2 Nc6 6. O-O Bf5 7. d4 e6 8. c3 Bd6 9. Bg5 h6 10. Bh4 O-O 11. Nbd2 g5 12. Bg3 Kg7 13. Ne5 Qc7 14. f4 gxf4 15. Bxf4 Nxe5 16. dxe5 Bxe5 17. Bxe5 Qxe5 18.
Rf3 Rg8 19. Nf1 Be4 20. Rg3+ Kh7 21. Qd2 Rg5 22. Re1 Rag8 23. Bd3 Qf5 24. Rxg5 Qxg5 25. Qxg5 hxg5 26. Be2 Kg6 27. Ne3 Rd8 28. Rd1 Nh5 29. g3 Ng7 30. Ng4 f6 31. Nf2 f5 32. Nd3 Bxd3 33. Bxd3 Kf6 34. h4 gxh4 35. gxh4 e5 36. Be2 e4 37. h5 Ne6 38. Bc4 Ke5 39. Be2 Nf4 0-1

[Event "*** MasterClass Titled Tuesday Blitz"]
[Site "Chess.com"]
[Date "2017.11.07"]
[Round "2"]
[White "jncool68"]
[Black "MattyDPerrine"]
[Result "1-0"]
[WhiteElo "2463"]
[BlackElo "2282"]
[TimeControl "180+2"]
[EndTime "14:28:39 PST"]
[Termination "jncool68 won by checkmate"]

1. e4 c5 2. Nf3 e6 3. d4 cxd4 4.
Nxd4 Nc6 5. Nc3 Qc7 6. Be3 a6 7. a3 Nf6 8. f4 d6 9. Qf3 Bd7 10.
O-O-O Nxd4 11. Bxd4 Bc6 12. g4 Rc8 13. g5 Bxe4 14.
Qe3 Bxh1 15. gxf6 gxf6 16. Bxf6 Rg8 17. Bh3 Rg6 18. Bd4 Bc6 19. f5 Bh6 20. fxg6 Bxe3+ 21. Bxe3 hxg6 22. Kb1 b5 23. Bf4 Rd8 24. Bg4 Qe7 25. Bg3 f5 26. Be2 g5 27. Re1 f4 28. Bf2 Kf8 29.
Bg4 e5 30. Na2 d5 31. Nb4 Bb7 32. Nd3 e4 33. Bc5 Rd6 34. Nf2 Kg7 35. h4 gxh4 36.
Rg1 Kh6 37. Bf5 Qf6 38. Ng4+ Kh5 39. Nxf6+ Rxf6 40. Bg4+ Kh6 41. Be7 Rf7 42. Bxh4 d4 43. Be6 Rf8 44. Be7 Re8 45. Bg5+ Kh7 46. Bf5+ Kh8 47.
Bf6# 1-0

[Event "*** MasterClass Titled Tuesday Blitz"]
[Site "Chess.com"]
[Date "2017.11.07"]
[Round "2"]
[White "lukas_111111"]
[Black "Maitreia"]
[Result "1-0"]
[WhiteElo "2355"]
[BlackElo "2475"]
[TimeControl "180+2"]
[EndTime "14:28:53 PST"]
[Termination "lukas_111111 won by resignation"]

1. d4 Nf6 2. c4 g6 3. Nf3 Bg7 4. g3 O-O 5. Bg2 Nc6 6. O-O d6 7. Nc3 Rb8 8. Qc2 a6 9. Rd1 Bf5 10. e4 Bg4 11. Ne2 Nd7 12. Be3 e6 13. h3 Bxf3 14. Bxf3 Ne7 15. Bg2 Qc8 16. b4 b5 17.
cxb5 axb5 18. Rac1 c6 19. Bf4 e5 20. dxe5 dxe5 21. Bg5 Nf6 22. Rd6 Rd8 23. Bxf6 Bxf6 24. Rxf6 Kg7 25. Rf3 Qe6 26. Qb3 Qxb3 27. Rxb3 Rd2 28.
Nc3 Rbd8 29. a4 bxa4 30. Nxa4 h5 31. Nc5 Ra2 32. Rd3 Rb8 33. Rd7 Kf6 34. Rcd1 Ng8 35.
R1d6+ Kg7 36. Ne6+ Kh7 37. Rxf7+ Kh6 38. Nf8 h4 39. Rxg6+ 1-0

[Event "*** MasterClass Titled Tuesday Blitz"]
[Site "Chess.com"]
[Date "2017.11.07"]
[Round "2"]
[White "temiksmozg"]
[Black "Swarnapuri"]
[Result "0-1"]
[WhiteElo "2443"]
[BlackElo "2478"]
[TimeControl "180+2"]
[EndTime "14:28:59 PST"]
[Termination "Swarnapuri won by resignation"]

1. d4 Nc6 2. d5 Ne5 3. e4 Ng6 4. f4 e5 5. dxe6 dxe6 6. Qxd8+ Kxd8 7. Nf3 Nf6 8. Bd3 Bc5 9. Ke2 b6 10. Nc3 Bb7 11. a3 a5 12. g3 Ke7 13. e5 Nd5 14. Ne4 f5 15. Nxc5 bxc5 16. c4 Nb6 17. a4 Rhd8 18. Rd1 Nxc4 19. b3 Nb6 20. Ba3 Nd5 21.
Bxc5+ Ke8 22. Bc4 Nc3+ 23. Ke1 Bxf3 24. Rxd8+ Rxd8 25. Bxe6 Be4 26. Rc1 Nd5 27. Bg8 Nge7 28. Bxh7 Kf7 29. e6+ Kxe6 30. g4 g6 31. gxf5+ Bxf5 32. Kf2 Rh8 0-1

[Event "*** MasterClass Titled Tuesday Blitz"]
[Site "Chess.com"]
[Date "2017.11.07"]
[Round "2"]
[White "Tobi-Wan-Kenobi"]
[Black "NateSolon"]
[Result "1-0"]
[WhiteElo "2468"]
[BlackElo "2373"]
[TimeControl "180+2"]
[EndTime "14:29:03 PST"]
[Termination "Tobi-Wan-Kenobi won by resignation"]

1. d4 d5 2. c4 dxc4 3. e3 e5 4. Bxc4 exd4 5. exd4 Bd6 6. Nf3 Nf6 7. Qe2+ Qe7 8. Qxe7+ Bxe7 9. O-O Nbd7 10. Re1 Nb6 11.
Bb3 Nfd5 12. Nc3 c6 13. a4 a5 14. Nxd5 Nxd5 15. Bxd5 cxd5 16. Ra3 Be6 17. Rb3 O-O 18. Rxb7 Bb4 19. Bd2 Bxd2 20. Nxd2 Rab8 21. Rxb8 Rxb8 22. b3 Rb4 23. Kf1 Rxd4 24. Ke2 Rb4 25. Rc1 g6 26. Rc5 d4 27. Rb5 Kf8 28. Rxb4 axb4 29. Kd3 Ke7 30.
Kxd4 Kd6 31. Nc4+ Kc6 32. g3 h5 33. h4 Bd5 34. Na5+ Kd6 35. Nc4+ Kc6 36. f4 Be6 37. Nd2 Kd6 38. Ne4+ Kc6 39. Nc5 Bd5 40. a5 Bf3 41. Kc4 1-0

[Event "*** MasterClass Titled Tuesday Blitz"]
[Site "Chess.com"]
[Date "2017.11.07"]
[Round "2"]
[White "viggi38"]
[Black "FearNoEvil12"]
[Result "1-0"]
[WhiteElo "2214"]
[BlackElo "2019"]
[TimeControl "180+2"]
[EndTime "14:29:05 PST"]
[Termination "viggi38 won by checkmate"]

1. e4 a6 2. d4 b5 3. a4 b4 4. Bd3 Bb7 5. Nf3 e6 6. a5 Nf6 7. Qe2 d6 8. O-O Nbd7 9. Nbd2 Rg8 10.
Nb3 h6 11. c3 g5 12. cxb4 g4 13. Ne1 h5 14. b5 axb5 15. Bxb5 Rb8 16. e5 Nd5 17. a6 Ba8 18. a7 Rb6 19. Bd2 h4 20. Na5 dxe5 21. dxe5 Bb4 22. Bxb4 Nf4 23. Qc4 Nh3+ 24.
Kh1 g3 25. f3 Nf2+ 26. Kg1 Nh3+ 27. gxh3 gxh2+ 28. Kxh2 Qg5 29. Bxd7+ Kxd7 30. Qd4+ Kc8 31. Rg1 Qxg1+ 32. Qxg1 Rxg1 33. Kxg1 Rxb4 34. Nd3 Rb5 35. Nc4 Rd5 36. Ra3 Rd4 37. Rc3 Kb7 38. Kf2 Kxa7 39.
Ke3 Rd8 40. b4 Rg8 41. Kf2 Rg3 42. Nf4 Kb8 43. Na5 Kc8 44. Nc6 Kd7 45. b5 Rg5 46. Rd3+ Kc8 47. Rd8+ Kb7 48. Rb8# 1-0

[Event "*** MasterClass Titled Tuesday Blitz"]
[Site "Chess.com"]
[Date "2017.11.07"]
[Round "2"]
[White "matej2221"]
[Black "ChadBiryani"]
[Result "1-0"]
[WhiteElo "2030"]
[BlackElo "2182"]
[TimeControl "180+2"]
[EndTime "14:29:10 PST"]
[Termination "matej2221 won on time"]

1. e4 d5 2. exd5 Qxd5 3. Nc3 Qd6 4. d4 Nf6 5. Nge2 g6 6. Bf4 Qd8 7. Qd2 a6 8. O-O-O h5 9. d5 b5 10. Nd4 Bb7 11. Ncxb5 axb5 12. Bxb5+ Nbd7 13. Ne6 fxe6 14.
dxe6 c6 15. Bd3 Rg8 16. exd7+ Qxd7 17. Be5 Qe6 18. Rhe1 Qxa2 19. Qg5 Kf7 20. Bxf6 Qa1+ 21. Kd2 Qa5+ 22. Qxa5 Rxa5 23. Bc4+ Kxf6 24. Bxg8 Bh6+ 25. Ke2 Ba6+ 26. c4 e6 27. b3 Ra2+ 28. Kf1 Rb2 29.
Rxe6+ Kg7 30. Rxc6 Kxg8 31. Rxg6+ 1-0

[Event "*** MasterClass Titled Tuesday Blitz"]
[Site "Chess.com"]
[Date "2017.11.07"]
[Round "2"]
[White "Alexander_Donchenko"]
[Black "Incognito_Knight"]
[Result "1-0"]
[WhiteElo "2664"]
[BlackElo "2494"]
[TimeControl "180+2"]
[EndTime "14:29:18 PST"]
[Termination "Alexander_Donchenko won by resignation"]

1. Nf3 Nf6 2. c4 b6 3. g3 Bb7 4. Bg2 g6 5. d4 Bg7 6. O-O O-O 7. Qc2 Ne4 8. Ng5 d5 9. Nxe4 dxe4 10. Bxe4 Nc6 11. Qa4 Qe8 12. Rd1 Bxd4 13. Bh6 Bg7 14. Bxg7 Kxg7 15. Nc3 e6 16. Rac1 a6 17. h4 f5 18. Bf3 Rf7 19. e3 Ra7 20. c5 b5 21.
Qc2 Qa8 22. Qd2 Re7 23. Ne2 Kf7 24. Qc3 b4 25. Qd2 Ne5 26. Bxb7 Qxb7 27. Nd4 Rd7 28. c6 Nxc6 29. Rxc6 Rxd4 30. Qxd4 Qxc6 31. Qxa7 1-0